[Event "*** SCC Grand Prix: Titled Tuesday Blitz"]
[Site "Chess.com"]
[Date "2020.08.11"]
[Round "6"]
[White "JonasHilwerda"]
[Black "Sadykov_Ramil"]
[Result "0-1"]
[WhiteElo "2207"]
[BlackElo "2407"]
[TimeControl "180+1"]
[EndTime "11:03:49 PDT"]
[Termination "Sadykov_Ramil won by resignation"]

1. d4 Nf6 2. Bf4 d5 3. e3 c5 4. Nc3 e6 5. Nb5 Na6 6. c3 Be7 7. Nf3 O-O 8. a4 Nh5 9. Bd3 Nxf4 10. exf4 c4 11. Bc2 Bd7 12. Ne5 Nc7 13. Nxc7 Qxc7 14. h4 Bd6 15. Qh5 f5 16. g4 Be8 0-1

[Event "*** SCC Grand Prix: Titled Tuesday Blitz"]
[Site "Chess.com"]
[Date "2020.08.11"]
[Round "6"]
[White "Vsevolod_Ovchinnikov"]
[Black "FMOlexandrProhorov"]
[Result "1-0"]
[WhiteElo "2447"]
[BlackElo "2136"]
[TimeControl "180+1"]
[EndTime "11:03:52 PDT"]
[Termination "Vsevolod_Ovchinnikov won by resignation"]

1. d4 g6 2. c4 Bg7 3. Nf3 c5 4. d5 d6 5. e4 e6 6. Be2 Ne7 7. O-O O-O 8. Nc3 exd5 9. cxd5 a6 10. a4 f5 11. Ng5 fxe4 12. Ncxe4 Nf5 13. Ne6 Bxe6 14. dxe6 Nd4 15. Bg5 Qe8 16. e7 Rf5 17.
Nxd6 1-0

[Event "*** SCC Grand Prix: Titled Tuesday Blitz"]
[Site "Chess.com"]
[Date "2020.08.11"]
[Round "6"]
[White "Irishchessman16"]
[Black "LimeInTheCoconut"]
[Result "1-0"]
[WhiteElo "2374"]
[BlackElo "2458"]
[TimeControl "180+1"]
[EndTime "11:04:05 PDT"]
[Termination "Irishchessman16 won by resignation"]

1. e4 c6 2. d4 d5 3. e5 Bf5 4. h4 h5 5. c4 e6 6. Nc3 Ne7 7. Nge2 Nd7 8. Ng3 Bg6 9. Bg5 Qb6 10.
Rc1 dxc4 11. Bxc4 Qb4 12. Qe2 Nb6 13. Bb3 Qxd4 14. O-O Ned5 15. Rfd1 Qg4 16. Qe1 Nxc3 17. bxc3 Bc5 18. Kh2 Be7 19. Bxe7 Kxe7 20. Rd4 1-0

[Event "*** SCC Grand Prix: Titled Tuesday Blitz"]
[Site "Chess.com"]
[Date "2020.08.11"]
[Round "6"]
[White "HouseOfDurin"]
[Black "northridgehawk"]
[Result "0-1"]
[WhiteElo "2081"]
[BlackElo "2310"]
[TimeControl "180+1"]
[EndTime "11:04:07 PDT"]
[Termination "northridgehawk won by resignation"]

1. d4 Nf6 2. Bg5 g6 3. Bxf6 exf6 4. c4 Bg7 5. Nc3 O-O 6. g3 d6 7. Bg2 Nd7 8. e3 f5 9. Nge2 Nf6 10. O-O c6 11. b4 Re8 12. Qd3 h5 13. h4 Ng4 14.
b5 Bd7 15. bxc6 bxc6 16. Rab1 Qe7 17. Rb7 Reb8 18. Rfb1 Rxb7 19. Rxb7 Qe8 20. Qb1 Qc8 21. Qb4 Bf8 22. Qb3 a5 23. a4 Qe8 24. Qb6 Bh6 25. Rxd7 Qxd7 26. Bxc6 Qd8 27. Bxa8 Qxb6 28. Nd5 Qb1+ 29.
Kg2 Qe1 30. Ndf4 Qxf2+ 0-1

[Event "*** SCC Grand Prix: Titled Tuesday Blitz"]
[Site "Chess.com"]
[Date "2020.08.11"]
[Round "6"]
[White "ChessicallyInclined"]
[Black "SHIVACalypso"]
[Result "1-0"]
[WhiteElo "2493"]
[BlackElo "2305"]
[TimeControl "180+1"]
[EndTime "11:04:11 PDT"]
[Termination "ChessicallyInclined won by resignation"]

1. d4 e6 2. c4 Nf6 3. Nc3 Bb4 4. e3 O-O 5. Ne2 c6 6. a3 Ba5 7. c5 d6 8. b4 Bc7 9. cxd6 Bxd6 10. g3 Nbd7 11. Bg2 e5 12. O-O exd4 13. Nxd4 Ne5 14.
Qc2 Qc7 15. Nf5 Bxf5 16. Qxf5 Rad8 17. Rb1 Nc4 18. a4 Be5 19. Qc2 Nb6 20. e4 Bxc3 21. Qxc3 Nxa4 22. Qb3 b5 23. Bf4 Qd7 24. Rbc1 Rfe8 25.
Rfd1 Qc8 26. Rxd8 Rxd8 27. e5 Nd7 28. Bxc6 Ndb6 29. Bxb5 Qe6 30. Bxa4 1-0

[Event "*** SCC Grand Prix: Titled Tuesday Blitz"]
[Site "Chess.com"]
[Date "2020.08.11"]
[Round "6"]
[White "Nikithebest"]
[Black "Mbneu"]
[Result "1-0"]
[WhiteElo "2417"]
[BlackElo "2228"]
[TimeControl "180+1"]
[EndTime "11:04:11 PDT"]
[Termination "Nikithebest won by resignation"]

1. e4 c5 2. Nf3 Nf6 3. e5 Nd5 4. Nc3 Nxc3 5. dxc3 Nc6 6. Bc4 e6 7. Bf4 Qc7 8. O-O h6 9. h4 b6 10. a4 Bb7 11. Qe2 O-O-O 12. Rfd1 d5 13. exd6 Bxd6 14. Bxe6+ Kb8 15. Bxd6 Rxd6 16. Rxd6 Qxd6 17. Bxf7 Rf8 18. Rd1 Qf4 19. Bd5 Nd4 20. cxd4 Bxd5 21. Qe5+ Qxe5 22. Nxe5 cxd4 23. Nd7+ 1-0

[Event "*** SCC Grand Prix: Titled Tuesday Blitz"]
[Site "Chess.com"]
[Date "2020.08.11"]
[Round "6"]
[White "martynkovaelena"]
[Black "dpopadic"]
[Result "0-1"]
[WhiteElo "2239"]
[BlackElo "2427"]
[TimeControl "180+1"]
[EndTime "11:04:13 PDT"]
[Termination "dpopadic won by resignation"]

1. Nf3 Nf6 2. g3 g6 3. Bg2 Bg7 4. O-O O-O 5. c4 d6 6. d4 Nbd7 7. Nc3 e5 8. e4 exd4 9. Nxd4 Re8 10. h3 a6 11. Be3 Rb8 12. Qc2 c5 13. Nf3 b5 14.
cxb5 axb5 15. Nd2 b4 16. Ne2 Ba6 17. Nc4 Nb6 18. Nxb6 Qxb6 19. Rfd1 Bxe2 20. Qxe2 Nxe4 21. Qc4 Nxg3 22. Bxc5 Qxc5 23. Qxc5 Ne2+ 24. Kf1 dxc5 0-1

[Event "*** SCC Grand Prix: Titled Tuesday Blitz"]
[Site "Chess.com"]
[Date "2020.08.11"]
[Round "6"]
[White "Chessbard1972"]
[Black "Margarita2907"]
[Result "1-0"]
[WhiteElo "2328"]
[BlackElo "2093"]
[TimeControl "180+1"]
[EndTime "11:04:16 PDT"]
[Termination "Chessbard1972 won by resignation"]

1. d4 d5 2. c4 e6 3. Nc3 Nf6 4. Bg5 Be7 5. cxd5 exd5 6. Qc2 O-O 7. e3 h6 8. Bh4 c6 9. Bd3 Nbd7 10. Nge2 Re8 11. O-O Ne4 12. Bxe7 Qxe7 13. Rae1 Ndf6 14.
f3 Nd6 15. Ng3 Qc7 16. e4 dxe4 17. fxe4 Nd7 18. e5 Qb6 19. Qf2 Nxe5 20. Rxe5 Rxe5 21.
dxe5 Qxf2+ 22. Rxf2 Ne8 23. Bf5 Bxf5 24. Nxf5 Rd8 25.
Kf1 Nc7 26. Nd6 Rd7 27. Nxb7 Nd5 28. Nc5 Re7 29. Nxd5 cxd5 30. Re2 Rc7 31. b4 a5 32.
a3 axb4 33. axb4 Ra7 34. Rb2 Ra1+ 35. Ke2 d4 36. b5 Rh1 37. b6 Rxh2 38. Kf3 1-0

[Event "*** SCC Grand Prix: Titled Tuesday Blitz"]
[Site "Chess.com"]
[Date "2020.08.11"]
[Round "6"]
[White "140mariam"]
[Black "binbin239"]
[Result "0-1"]
[WhiteElo "2354"]
[BlackElo "2554"]
[TimeControl "180+1"]
[EndTime "11:04:19 PDT"]
[Termination "binbin239 won by resignation"]

1. d4 Nf6 2. c4 g6 3. Nc3 d5 4.
cxd5 Nxd5 5. Bd2 Bg7 6. e4 Nxc3 7. Bxc3 c5 8. d5 Bxc3+ 9. bxc3 O-O 10. Be2 e6 11. Nf3 exd5 12. exd5 Qf6 13. Qd2 Bg4 14. O-O Nd7 15. Rab1 b6 16. Rfe1 Rad8 17. c4 Rfe8 18.
Qc2 Ne5 19. Nxe5 Qxe5 20. f3 Bf5 21. Bd3 Qd4+ 0-1

[Event "*** SCC Grand Prix: Titled Tuesday Blitz"]
[Site "Chess.com"]
[Date "2020.08.11"]
[Round "6"]
[White "MYMChessAcademy"]
[Black "rynos0411"]
[Result "0-1"]
[WhiteElo "2130"]
[BlackElo "2341"]
[TimeControl "180+1"]
[EndTime "11:04:22 PDT"]
[Termination "rynos0411 won by checkmate"]

1. e4 c6 2. d4 g6 3. Nf3 Bg7 4. Nc3 d5 5. e5 Bg4 6. Be2 e6 7. h3 Bxf3 8. Bxf3 Ne7 9. b4 Nd7 10.
b5 O-O 11. O-O Rc8 12. Bg5 h6 13. Bh4 g5 14. Bg3 Nf5 15. Ne2 cxb5 16. Bg4 Nxg3 17. Nxg3 Qb6 18. Nh5 Rc4 19. Nxg7 Kxg7 20. c3 Rxc3 21. Rc1 Rfc8 22. Rxc3 Rxc3 23. Qd2 Rc4 24. Bh5 Qxd4 25. Qe2 Qxe5 26. Qf3 Nf6 27. g4 Rf4 28. Qg3 Nxh5 29. gxh5 Qf5 30. Kh2 e5 31. Rg1 Rxf2+ 32. Kh1 Rf3 33. Qg4 Rxh3+ 34. Kg2 Qxg4+ 35. Kf2 Rf3+ 36. Ke2 Qe4+ 37. Kd2 Rd3+ 38. Kc2 Qc4+ 39.
Kb2 Rd2+ 40. Ka1 Qxa2# 0-1

[Event "*** SCC Grand Prix: Titled Tuesday Blitz"]
[Site "Chess.com"]
[Date "2020.08.11"]
[Round "6"]
[White "vrekhson"]
[Black "Susal_De_Silva"]
[Result "0-1"]
[WhiteElo "2155"]
[BlackElo "2326"]
[TimeControl "180+1"]
[EndTime "11:04:28 PDT"]
[Termination "Susal_De_Silva won by resignation"]

1. e4 e5 2. Nf3 d6 3. Nc3 Nf6 4. d4 exd4 5. Qxd4 Be7 6. Bg5 Nc6 7.
Bb5 O-O 8. Qd2 a6 9. Bd3 b5 10. O-O Bb7 11. Rfe1 Re8 12. a3 h6 13. Bh4 Nd7 14. Bxe7 Nxe7 15. Ne2 Ng6 16. Ng3 Qf6 17. c3 Nc5 18. Bc2 Ne5 19. Nd4 Ne6 20. Ndf5 Ng5 21.
f4 Ngf3+ 22. gxf3 Nxf3+ 23. Kf2 Nxd2 24. Nh5 Qd8 25. Rg1 g6 26. Nxh6+ Kh7 27. e5 Kxh6 28. Nf6 dxe5 0-1

[Event "*** SCC Grand Prix: Titled Tuesday Blitz"]
[Site "Chess.com"]
[Date "2020.08.11"]
[Round "6"]
[White "JRenatoMaranhao"]
[Black "Alopekos"]
[Result "1-0"]
[WhiteElo "2066"]
[BlackElo "2270"]
[TimeControl "180+1"]
[EndTime "11:04:36 PDT"]
[Termination "JRenatoMaranhao won by checkmate"]

1. e4 e6 2. d4 d5 3. Nc3 Nf6 4. e5 Nfd7 5. f4 c5 6. Nf3 Nc6 7. Be3 Be7 8. Qd2 a6 9. dxc5 Nxc5 10. O-O-O Qa5 11. f5 b5 12. fxe6 fxe6 13. Kb1 b4 14. Nxd5 exd5 15. Qxd5 Bb7 16. Bc4 Rf8 17.
Bxc5 Qxc5 18. Qd7# 1-0

[Event "*** SCC Grand Prix: Titled Tuesday Blitz"]
[Site "Chess.com"]
[Date "2020.08.11"]
[Round "6"]
[White "Srchesschilango"]
[Black "QueenOfTactics90"]
[Result "1-0"]
[WhiteElo "2223"]
[BlackElo "1948"]
[TimeControl "180+1"]
[EndTime "11:04:37 PDT"]
[Termination "Srchesschilango won by resignation"]

1. d4 Nf6 2. c4 e6 3. Nc3 d5 4.
Nf3 Be7 5. Bg5 O-O 6. e3 c6 7.
Qc2 Nbd7 8. cxd5 exd5 9. Bd3 Re8 10. g4 Nf8 11. Bxf6 Bxf6 12. Rg1 Ng6 13. g5 Be7 14. h4 b5 15. h5 Nf8 16. g6 fxg6 17. hxg6 h6 18.
Ne5 Qa5 19. Nxc6 Qb6 20. Nxd5 Qb7 21. Ncxe7+ Rxe7 22.
Nxe7+ Qxe7 23. Qc5 Qxc5 24. dxc5 a6 25. Be4 Rb8 26. Bd5+ Kh8 27. b4 Bf5 28. e4 Bxg6 29. f4 Re8 30. e5 Bh5 31. Kf2 Ng6 32. Bf7 1-0

[Event "*** SCC Grand Prix: Titled Tuesday Blitz"]
[Site "Chess.com"]
[Date "2020.08.11"]
[Round "6"]
[White "Msb2"]
[Black "louis198"]
[Result "1-0"]
[WhiteElo "2805"]
[BlackElo "2585"]
[TimeControl "180+1"]
[EndTime "11:04:42 PDT"]
[Termination "Msb2 won by resignation"]

1. d4 e6 2. c4 d5 3. Nc3 Nf6 4. cxd5 exd5 5. Bg5 Be7 6. e3 O-O 7. Bd3 h6 8. Bf4 c5 9. h3 Nc6 10.
Nf3 cxd4 11. Nxd4 Nxd4 12. exd4 Bd6 13. Bxd6 Qxd6 14. O-O a6 15. Re1 Bd7 16. Qb3 b5 17. Re5 Bc6 18. Rae1 b4 19. Ne2 a5 20. Ng3 Bd7 21.
Qd1 Rae8 22. Qf3 Qb6 23. Qf4 g5 24. Rxg5+ hxg5 25. Qxg5+ Kh8 26. Qh6+ Kg8 27. Rxe8 Rxe8 28. Bh7+ Kh8 29. Be4+ Kg8 30. Nh5 Nxh5 31. Bh7+ Kh8 32. Bg6+ 1-0

[Event "*** SCC Grand Prix: Titled Tuesday Blitz"]
[Site "Chess.com"]
[Date "2020.08.11"]
[Round "6"]
[White "Enriquack"]
[Black "temus_galaktionov"]
[Result "0-1"]
[WhiteElo "2337"]
[BlackElo "2666"]
[TimeControl "180+1"]
[EndTime "11:04:42 PDT"]
[Termination "temus_galaktionov won by resignation"]

1. e4 c6 2. d4 g6 3. Nc3 Bg7 4. Be3 d6 5. Bc4 Nd7 6. Bb3 e5 7. dxe5 dxe5 8. Nf3 Qe7 9. h4 Ngf6 10. Ng5 O-O 11. h5 Nc5 12. hxg6 hxg6 13. Bxc5 Qxc5 14. Qf3 Bg4 15. Qg3 Rad8 16. Rh4 Bh5 17. Qh3 Qd4 18. Kf1 Qd2 19. Nf3 Bxf3 20. gxf3 Qg5 21. Nd1 Rd2 22. Ne3 Rfd8 23. Re1 Nh5 24. Rg4 Qf6 25. Ng2 b5 26. a4 Rd1 27. Ke2 Qd6 28. Ne3 Qd2+ 0-1

[Event "*** SCC Grand Prix: Titled Tuesday Blitz"]
[Site "Chess.com"]
[Date "2020.08.11"]
[Round "6"]
[White "TimKett"]
[Black "Ole83"]
[Result "0-1"]
[WhiteElo "2196"]
[BlackElo "2353"]
[TimeControl "180+1"]
[EndTime "11:04:50 PDT"]
[Termination "Ole83 won by resignation"]

1. e4 d6 2. d4 Nf6 3. Nc3 g6 4. Be3 c6 5. Qd2 Nbd7 6. O-O-O b5 7. Bd3 a5 8. Kb1 b4 9. Nce2 Bb7 10. f4 Bg7 11. e5 Nd5 12. Nf3 N7b6 13. h4 h5 14. Ng5 Qc7 15. Bxg6 fxg6 16. Ne6 Qc8 17. Nxg7+ Kf7 18.
f5 Kxg7 19. fxg6 Nc4 20. Qd3 Ncxe3 21. Ng3 Qg4 22. Ne4 Nxd1 23. Rxd1 Rhf8 24. exd6 Ba6 25. dxe7 Bxd3 26. exf8=Q+ Rxf8 0-1

[Event "*** SCC Grand Prix: Titled Tuesday Blitz"]
[Site "Chess.com"]
[Date "2020.08.11"]
[Round "6"]
[White "Alexander_Zubov"]
[Black "deribas12345"]
[Result "1-0"]
[WhiteElo "2828"]
[BlackElo "2611"]
[TimeControl "180+1"]
[EndTime "11:04:51 PDT"]
[Termination "Alexander_Zubov won by resignation"]

1. d4 Nf6 2. c4 c5 3. d5 b5 4. cxb5 a6 5. bxa6 Bxa6 6. Nc3 d6 7. Nf3 g6 8. Nd2 Bg7 9. e4 Bxf1 10. Nxf1 O-O 11. Ne3 Nbd7 12. O-O Qb8 13. Qc2 Qb7 14. Rb1 Rfb8 15. b3 Qa6 16. a4 Ne5 17. Nb5 Rxb5 18. axb5 Qxb5 19. Nc4 Nfd7 20. Bd2 Nb6 21. Rfc1 h5 22.
h3 Ra7 23. Nxb6 Qxb6 24. b4 Rc7 25. bxc5 Qxc5 26. Qxc5 dxc5 27. Rb8+ Kh7 28. Bc3 Nd3 29. Rc2 c4 30. g3 Bxc3 31. Rxc3 Kg7 32. Ra8 Kf6 33.
Ra4 Nb2 34. Rb4 Nd3 35. Rbxc4 1-0

[Event "*** SCC Grand Prix: Titled Tuesday Blitz"]
[Site "Chess.com"]
[Date "2020.08.11"]
[Round "6"]
[White "bratkoo"]
[Black "Kislov_Oleg"]
[Result "1-0"]
[WhiteElo "2562"]
[BlackElo "2382"]
[TimeControl "180+1"]
[EndTime "11:04:53 PDT"]
[Termination "bratkoo won by checkmate"]

1. e4 e6 2. d4 d5 3. Nd2 Nf6 4. e5 Nfd7 5. Bd3 c5 6. c3 Nc6 7. Ne2 cxd4 8. cxd4 f6 9. exf6 Nxf6 10. Nf3 Bd6 11.
O-O O-O 12. Bg5 Qb6 13. Nc3 Qxb2 14. Nb5 Bb8 15. a3 a6 16. Rb1 Qa2 17. Qa4 Bd7 18. Nc3 b5 19. Bxb5 axb5 20. Qxa8 Bxh2+ 21. Kxh2 Qc4 22. Qb7 Qxc3 23. Bxf6 Bc8 24. Qxg7# 1-0

[Event "*** SCC Grand Prix: Titled Tuesday Blitz"]
[Site "Chess.com"]
[Date "2020.08.11"]
[Round "6"]
[White "Quiet_Desperation"]
[Black "StellarChessPro"]
[Result "1-0"]
[WhiteElo "2276"]
[BlackElo "2517"]
[TimeControl "180+1"]
[EndTime "11:04:54 PDT"]
[Termination "Quiet_Desperation won by resignation"]

1. e4 g6 2. d4 Bg7 3. Nc3 d6 4. Be3 Nf6 5. f3 a6 6. Qd2 b5 7.
O-O-O Nfd7 8. g4 b4 9. Nce2 a5 10. Kb1 Ba6 11. Nc1 Bxf1 12. Rxf1 Qc8 13. h4 Nb6 14. b3 Qa6 15. Nge2 a4 16. h5 axb3 17. cxb3 Nc6 18. h6 Bf8 19. f4 O-O-O 20. Nd3 e5 21. d5 exf4 22. Bxb6 Qxb6 23. dxc6 d5 24. e5 g5 25. Qc2 f6 26. exf6 Rd6 27. Rc1 Rxf6 28. Ne5 Re6 29. Qf5 Bd6 30. Qxe6+ Kb8 31. Nd7+ 1-0

[Event "*** SCC Grand Prix: Titled Tuesday Blitz"]
[Site "Chess.com"]
[Date "2020.08.11"]
[Round "6"]
[White "harkerchess"]
[Black "c_r_e_e_p_e_r"]
[Result "1-0"]
[WhiteElo "2150"]
[BlackElo "2326"]
[TimeControl "180+1"]
[EndTime "11:04:54 PDT"]
[Termination "harkerchess won by checkmate"]

1. d4 d5 2. c4 e6 3. Nc3 Nf6 4. cxd5 exd5 5. Bg5 c6 6. e3 Be7 7. Bd3 O-O 8. Nge2 Nbd7 9. O-O Re8 10. f3 Nf8 11. Qc2 g6 12. e4 Ne6 13. Rac1 Nxg5 14. e5 Nd7 15. f4 Ne6 16. f5 Ng5 17. e6 Nf8 18. exf7+ Nxf7 19. fxg6 hxg6 20. Bxg6 Be6 21. Nf4 Bf6 22. Rce1 Bxd4+ 23. Kh1 Bf6 24. Nh5 Bxc3 25. Qxc3 d4 26. Qg3 Qb8 27. Bxf7+ Kh8 28. Qg7# 1-0

[Event "*** SCC Grand Prix: Titled Tuesday Blitz"]
[Site "Chess.com"]
[Date "2020.08.11"]
[Round "6"]
[White "MikeSailer"]
[Black "warmoatmeal"]
[Result "0-1"]
[WhiteElo "2113"]
[BlackElo "2333"]
[TimeControl "180+1"]
[EndTime "11:04:59 PDT"]
[Termination "warmoatmeal won by resignation"]

1. d4 Nf6 2. Bf4 d5 3. Nf3 c5 4. e3 Nc6 5. Be2 Qb6 6. Nc3 a6 7. Rb1 Bg4 8. dxc5 Qxc5 9. O-O e6 10. Na4 Qb4 11. c3 Qa5 12. b4 Qd8 13. Nc5 Ra7 14. Nd4 Bxe2 15. Qxe2 Be7 16. Nxc6 bxc6 17. Nxa6 O-O 18.
a4 Qa8 19. b5 cxb5 20. axb5 Nd7 21. Nc7 Qc8 22. b6 Rb7 23. Qb5 Rxb6 24. Qxb6 Nxb6 25. Rxb6 Bf6 26. Rb3 e5 27. Bg3 Qxc7 28. Rfb1 h6 0-1

[Event "*** SCC Grand Prix: Titled Tuesday Blitz"]
[Site "Chess.com"]
[Date "2020.08.11"]
[Round "6"]
[White "Bodnar_Mykola"]
[Black "GadimbayliA"]
[Result "0-1"]
[WhiteElo "2539"]
[BlackElo "2863"]
[TimeControl "180+1"]
[EndTime "11:05:03 PDT"]
[Termination "GadimbayliA won by resignation"]

1. e4 e5 2. Nf3 d5 3. Nxe5 Bd6 4. d4 dxe4 5. Bc4 Bxe5 6. Qh5 Qe7 7. Qxe5 Qxe5 8. dxe5 Nc6 9. Bf4 Nge7 10. e6 Bxe6 11.
Bxe6 fxe6 12. Bxc7 Rc8 13. Bg3 Nd4 14. Na3 Nxc2+ 15.
Kd2 Nxa1 16. Rxa1 a6 17. Re1 Kf7 18. Rxe4 Rhd8+ 19. Ke2 Nf5 20. Be5 h5 21. h3 h4 22.
Nc4 b5 23. Ne3 Nxe3 24. Kxe3 Rc4 25. Rxc4 bxc4 26. Bc3 Rd3+ 27. Ke4 Rd1 28. Kf3 g5 29.
Kg4 Kg6 30. g3 hxg3 31. fxg3 Rd3 32. h4 gxh4 33. gxh4 Rd5 34. Kf4 Kh5 35. Be1 Rd1 36.
Bc3 Rd5 37. Be1 Rb5 38. Bc3 Kxh4 39. Ke4 Rd5 0-1

[Event "*** SCC Grand Prix: Titled Tuesday Blitz"]
[Site "Chess.com"]
[Date "2020.08.11"]
[Round "6"]
[White "Revnov"]
[Black "carlsen1001"]
[Result "0-1"]
[WhiteElo "2745"]
[BlackElo "2430"]
[TimeControl "180+1"]
[EndTime "11:05:09 PDT"]
[Termination "carlsen1001 won by resignation"]

1. e4 c5 2. Nf3 Nc6 3. Bb5 g6 4. O-O Bg7 5. Re1 e5 6. c3 Nge7 7. a3 O-O 8. d3 h6 9. Nbd2 g5 10. b4 d6 11. Nf1 a6 12. Bc4 Be6 13.
Ne3 Qd7 14. Bb2 Ng6 15. g3 Nge7 16. Nd2 Kh8 17. Qh5 f5 18. bxc5 f4 19. Bxe6 Qxe6 20. Ng4 dxc5 21. Rad1 Rad8 22. Nf3 Qg6 23. Qxg6 Nxg6 24.
d4 fxg3 25. Nfxe5 Ncxe5 26. dxe5 Rxd1 27. Rxd1 h5 28. Nf6 gxf2+ 29. Kf1 Nxe5 30. Nxh5 Ng4 31. Nxg7 Kxg7 32. c4+ Kg6 0-1

[Event "*** SCC Grand Prix: Titled Tuesday Blitz"]
[Site "Chess.com"]
[Date "2020.08.11"]
[Round "6"]
[White "chigorin28"]
[Black "tteshan"]
[Result "1-0"]
[WhiteElo "2420"]
[BlackElo "2238"]
[TimeControl "180+1"]
[EndTime "11:05:09 PDT"]
[Termination "chigorin28 won by resignation"]

1. e4 c5 2. Nf3 d6 3. c3 Nf6 4. Be2 g6 5. d3 Bg7 6. O-O O-O 7. Re1 Nc6 8. h3 Rb8 9. a4 a6 10. Na3 b5 11. axb5 axb5 12. Nc2 Be6 13. Bf1 Bb3 14.
Bg5 b4 15. Qd2 bxc3 16. bxc3 Bxc2 17. Qxc2 Nd7 18. Red1 Nde5 19. Nxe5 Bxe5 20. Be3 Bg7 21. f4 Qd7 22. g4 Rfc8 23. Qd2 Rb3 24. d4 cxd4 25.
cxd4 Nb4 26. Rab1 Rxb1 27. Rxb1 Nc6 28. Bb5 Rb8 29. d5 1-0

[Event "*** SCC Grand Prix: Titled Tuesday Blitz"]
[Site "Chess.com"]
[Date "2020.08.11"]
[Round "6"]
[White "Chesswizard_2007"]
[Black "tk22h"]
[Result "1-0"]
[WhiteElo "2506"]
[BlackElo "2384"]
[TimeControl "180+1"]
[EndTime "11:05:11 PDT"]
[Termination "Chesswizard_2007 won by resignation"]

1. Nf3 Nf6 2. b3 d5 3. Bb2 g6 4.
Bxf6 exf6 5. e3 c6 6. d4 f5 7.
g3 Bg7 8. Nbd2 O-O 9. Bg2 Nd7 10.
O-O Nf6 11. c4 Be6 12. Rc1 Ne4 13.
h4 h6 14. a4 dxc4 15. Nxc4 Qe7 16. Nfe5 Bd5 17. Qc2 Rad8 18. Rfd1 Bf6 19. Nd3 Bxc4 20. bxc4 Nxg3 21. fxg3 Qxe3+ 22. Qf2 Bxd4 23. Kf1 Qe7 24. Qf3 Qa3 25. Nf4 Qxf3+ 26. Bxf3 Be3 27. Rc3 Rxd1+ 28.
Bxd1 Bd4 29. Rb3 b6 30. Bf3 c5 31. Bd5 Kg7 32. a5 Rb8 33. a6 Kf6 34. Bb7 Ke5 35.
Nd5 Kd6 36. Nxb6 axb6 37. a7 1-0

[Event "*** SCC Grand Prix: Titled Tuesday Blitz"]
[Site "Chess.com"]
[Date "2020.08.11"]
[Round "6"]
[White "DonBroca"]
[Black "kallerotmg"]
[Result "0-1"]
[WhiteElo "2102"]
[BlackElo "2227"]
[TimeControl "180+1"]
[EndTime "11:05:13 PDT"]
[Termination "kallerotmg won by resignation"]

1. c4 c5 2. Nc3 Nc6 3. e3 g6 4. Nf3 Bg7 5. d4 cxd4 6. exd4 d6 7. Be2 Nf6 8. h3 O-O 9. Be3 d5 10. O-O dxc4 11. Bxc4 b6 12. Ne5 Bb7 13. Qb3 e6 14. Nxc6 Bxc6 15. Rfd1 Nd5 16. Nxd5 Bxd5 17. Bxd5 Qxd5 18. Qxd5 exd5 19. Rac1 Rac8 20. Kf1 f5 21. f4 Kf7 22. Kf2 Ke6 23. Kf3 Kd7 24. Rd3 Rxc1 25. Bxc1 Re8 26. Be3 Rc8 27. Rc3 Rxc3 28.
bxc3 Kc6 29. Bc1 Kb5 30. Ke3 Kc4 31. Bd2 b5 32. g4 b4 33. cxb4 Bxd4+ 34. Kf3 Kd3 35.
Be1 Bc3 36. Bf2 a6 37. a3 d4 38. gxf5 gxf5 39. h4 Kc2 40. Bxd4 Bxd4 41. a4 Kb3 42. b5 a5 43. Ke2 Kxa4 44. Kd3 Bf2 45. h5 Kxb5 46. Kc2 a4 47. Kb1 Kb4 48. Ka2 a3 49. h6 Be3 0-1

[Event "*** SCC Grand Prix: Titled Tuesday Blitz"]
[Site "Chess.com"]
[Date "2020.08.11"]
[Round "6"]
[White "Micki-taryan"]
[Black "ShapkinAnatoliy"]
[Result "1-0"]
[WhiteElo "3046"]
[BlackElo "2749"]
[TimeControl "180+1"]
[EndTime "11:05:15 PDT"]
[Termination "Micki-taryan won by resignation"]

1. d4 Nf6 2. Nf3 g6 3. Nc3 d5 4. Bf4 Bg7 5. Nb5 Na6 6. e3 O-O 7. Be2 b6 8. h4 h5 9. Ne5 Bb7 10. g4 hxg4 11. Nxg4 Nxg4 12. Bxg4 c5 13. h5 Qe8 14. a4 e5 15. dxe5 Bxe5 16. Nd6 Bxd6 17. Bxd6 d4 18. Bf3 Bxf3 19. Qxf3 dxe3 20. Bxf8 Qxf8 21.
fxe3 Nb4 22. O-O-O Qe8 23. hxg6 fxg6 24. c3 1-0

[Event "*** SCC Grand Prix: Titled Tuesday Blitz"]
[Site "Chess.com"]
[Date "2020.08.11"]
[Round "6"]
[White "mapleaff"]
[Black "sergeikim"]
[Result "0-1"]
[WhiteElo "2341"]
[BlackElo "2468"]
[TimeControl "180+1"]
[EndTime "11:05:19 PDT"]
[Termination "sergeikim won by resignation"]

1. d4 Nf6 2. Nf3 g6 3. c4 Bg7 4. Nc3 d6 5. g3 O-O 6. Bg2 Nbd7 7. O-O e5 8. d5 a5 9. Bg5 h6 10. Bd2 Nc5 11. Qc1 Kh7 12. Be3 Ng4 13. Bxc5 dxc5 14. h3 Nf6 15. Nxe5 Nxd5 16. Nxf7 Nxc3 17. Nxd8 Nxe2+ 18. Kh2 Nxc1 19. Raxc1 Rxd8 20. Rfe1 Bf6 21. b3 c6 22. Re2 h5 23. Rce1 Bf5 24. Bf3 a4 25. g4 hxg4 26. hxg4 Bd3 27. Re6 Kg7 28. Kg2 axb3 29.
axb3 Ra2 30. Kg3 g5 31. Bg2 Bg6 32. R1e3 Rd3 33. Rxd3 Bxd3 34. Rd6 Be5+ 0-1

[Event "*** SCC Grand Prix: Titled Tuesday Blitz"]
[Site "Chess.com"]
[Date "2020.08.11"]
[Round "6"]
[White "GMJustin"]
[Black "goldihouse"]
[Result "0-1"]
[WhiteElo "2279"]
[BlackElo "2457"]
[TimeControl "180+1"]
[EndTime "11:05:20 PDT"]
[Termination "goldihouse won on time"]

1. e4 e6 2. f4 d5 3. e5 Nh6 4. Nf3 c5 5. d4 Bd7 6. c3 Nc6 7. Be3 Qb6 8. Qb3 Rc8 9. Qxb6 axb6 10. a3 Nf5 11. Bf2 h5 12. Nbd2 cxd4 13. cxd4 Na5 14.
Bd3 Nc4 15. Nxc4 dxc4 16. Bxf5 exf5 17. d5 Bc5 18. Bxc5 Rxc5 19. O-O-O b5 20. Rhe1 O-O 21. e6 fxe6 22. dxe6 Bc6 23. e7 Re8 24. Rd8 Rd5 25. Rxe8+ Bxe8 26. Ne5 Rd6 0-1

[Event "*** SCC Grand Prix: Titled Tuesday Blitz"]
[Site "Chess.com"]
[Date "2020.08.11"]
[Round "6"]
[White "kidagent"]
[Black "GianmarcoVaR"]
[Result "0-1"]
[WhiteElo "2272"]
[BlackElo "2450"]
[TimeControl "180+1"]
[EndTime "11:05:21 PDT"]
[Termination "GianmarcoVaR won by resignation"]

1. e4 c6 2. d4 d5 3. Nd2 dxe4 4. Nxe4 Bf5 5. Ng3 Bg6 6. Nf3 Nd7 7. h4 h6 8. h5 Bh7 9. Bd3 Bxd3 10. Qxd3 e6 11. Bd2 Ngf6 12. O-O-O Be7 13. Kb1 Qc7 14.
Ne4 O-O-O 15. c4 Nc5 16. Nxc5 Bxc5 17. Bc3 Bd6 18. c5 Bxc5 19. Qc4 Bd6 20. Qa4 Kb8 21. Rc1 Rc8 22. Ne5 Bxe5 23. dxe5 Nd5 24. Bd4 b6 25. Rc2 c5 26. b4 Nxb4 27. Rc4 Rhd8 28.
Rhc1 Qd7 29. Qa3 Qb5 0-1

[Event "*** SCC Grand Prix: Titled Tuesday Blitz"]
[Site "Chess.com"]
[Date "2020.08.11"]
[Round "6"]
[White "Babas"]
[Black "vesalhamedinia"]
[Result "1-0"]
[WhiteElo "2455"]
[BlackElo "2280"]
[TimeControl "180+1"]
[EndTime "11:05:22 PDT"]
[Termination "Babas won by resignation"]

1. d4 d5 2. c4 e6 3. Nf3 Nf6 4. Nc3 Be7 5. Bg5 O-O 6. e3 h6 7. Bh4 b6 8. Rc1 Bb7 9. Be2 Nbd7 10. O-O c5 11. cxd5 Nxd5 12. Bxe7 Qxe7 13. Qd2 Rfd8 14. Rfd1 Rac8 15. Qe1 cxd4 16. Nxd4 Ne5 17.
Qf1 Nxc3 18. Rxc3 Rxc3 19. bxc3 Qa3 20. Qe1 Bd5 21. Nb5 Qa5 22. e4 a6 23. exd5 axb5 24.
dxe6 Rxd1 25. exf7+ Nxf7 26. Qxd1 Qxc3 27. Bxb5 Ne5 28.
h3 Qc5 29. Ba4 b5 30. Bb3+ Nc4 31. Qd3 Qb4 32. a4 Qe1+ 33. Kh2 Qe5+ 34. g3 Qe1 35. axb5 Qxf2+ 36. Kh1 Qe1+ 37. Kg2 Kh8 38. Bxc4 1-0